MWL (24 & UNDER)
BEMIDJI BENDERS @ CINCINNATI PRIDE
09/16/2026
 
TOP OF THE 1ST
Bemidji Benders batting - Pitching for Cincinnati Pride : RHP Rusty van Rhee
Pitching: RHP Rusty van Rhee
Batting: LHB Bruce Foster 0-0: Called Strike
0-1: Foul Ball, location: 2F
0-2: Strikes out looking
Batting: SHB Dave Henley 0-0: Ball
1-0: Called Strike
1-1: Ball
2-1: Called Strike
2-2: Strikes out swinging
Batting: LHB Todd Anderson 0-0: Ground out 3-1 (Groundball, 34)
Top of the 1st over - 0 run(s), 0 hit(s), 0 error(s), 0 left on base; Bemidji 0 - Cincinnati 0
BOTTOM OF THE 1ST
Cincinnati Pride batting - Pitching for Bemidji Benders : LHP Justin Short
Pitching: LHP Justin Short
Batting: RHB Wilson Flores 0-0: Foul Ball, location: 2F
0-1: Ball
1-1: Bunt missed!
1-2: SINGLE (Groundball, 6MD)
Batting: LHB Ángel Tuzzi 0-0: Called Strike
0-1: Called Strike
0-2: Ball
1-2: Foul Ball, location: 2F
1-2: Ball
2-2: Foul Ball, location: 2F
2-2: Ball
3-2: Strikes out swinging
Batting: LHB John Clark 0-0: Ball
1-0: Ball
2-0: DOUBLE (Line Drive, 78D)
Wilson Flores to third
Batting: LHB Iván Vázquez 0-0: Ball
1-0: Foul Ball, location: 2F
1-1: Fly out, F7 (Flyball, 78S)
Batting: RHB Álex Hernández 0-0: Swinging Strike
0-1: Foul Ball, location: 2F
0-2: Strikes out swinging
Bottom of the 1st over - 0 run(s), 2 hit(s), 0 error(s), 2 left on base; Bemidji 0 - Cincinnati 0
TOP OF THE 2ND
Bemidji Benders batting - Pitching for Cincinnati Pride : RHP Rusty van Rhee
Batting: SHB Conan Hanson 0-0: Foul Ball, location: 2F
0-1: Reached on error, E4 (Groundball, 4)
Batting: LHB Jesús Raugel 0-0: Called Strike
0-1: Swinging Strike
0-2: Strikes out swinging
Batting: RHB Bob Carr 0-0: Swinging Strike
0-1: Foul Ball, location: 2F
0-2: Ball
Wild Pitch!
Conan Hanson to second
1-2: Strikes out looking
Batting: RHB Aaron Washington 0-0: Ball
1-0: Ball
2-0: Foul Ball, location: 2F
2-1: Ball
3-1: Swinging Strike
3-2: Base on Balls
Batting: LHB Carlos De La Rosa 0-0: Ball
1-0: Fly out, F8 (Flyball, 8LS)
Top of the 2nd over - 0 run(s), 0 hit(s), 1 error(s), 2 left on base; Bemidji 0 - Cincinnati 0
BOTTOM OF THE 2ND
Cincinnati Pride batting - Pitching for Bemidji Benders : LHP Justin Short
Batting: LHB Gabriel Aragón 0-0: Called Strike
0-1: Called Strike
0-2: Ball
1-2: Strikes out looking
Batting: RHB Bartolo Montero 0-0: Foul Ball, location: 2F
0-1: SINGLE (Line Drive, 8RS)
Batting: RHB José Antonio Delgado 0-0: Ball
1-0: Called Strike
1-1: Swinging Strike
1-2: Foul Ball, location: 2F
1-2: Ball
2-2: Fly out, F7 (Flyball, 78M)
Batting: RHB Steve Meyers 0-0: Ball
1-0: SINGLE (Groundball, 4MD) (infield hit)
Bartolo Montero to second
Batting: RHB Wilson Flores 0-0: Fielders Choice at 2nd, 6-4 (Groundball, 56)
Bottom of the 2nd over - 0 run(s), 2 hit(s), 0 error(s), 1 left on base; Bemidji 0 - Cincinnati 0
TOP OF THE 3RD
Bemidji Benders batting - Pitching for Cincinnati Pride : RHP Rusty van Rhee
Batting: RHB Roberto Solís 0-0: Foul Ball, location: 2F
0-1: Foul Ball, location: 2F
0-2: Ground out 6-3 (Groundball, 6)
Batting: LHB Bruce Foster 0-0: Ball
1-0: Foul Ball, location: 2F
1-1: Ball
2-1: Foul Ball, location: 2F
2-2: Foul Ball, location: 2F
2-2: Strikes out swinging
Batting: SHB Dave Henley 0-0: Called Strike
0-1: Ball
1-1: Foul Ball, location: 2F
1-2: Strikes out looking
Top of the 3rd over - 0 run(s), 0 hit(s), 0 error(s), 0 left on base; Bemidji 0 - Cincinnati 0
BOTTOM OF THE 3RD
Cincinnati Pride batting - Pitching for Bemidji Benders : LHP Justin Short
Batting: LHB Ángel Tuzzi 0-0: Swinging Strike
0-1: Ball
1-1: Foul Ball, location: 2F
1-2: Ball
2-2: Strikes out swinging
Batting: LHB John Clark 0-0: Called Strike
0-1: Ball
1-1: Called Strike
1-2: Ball
2-2: Ball
3-2: Strikes out looking
Batting: LHB Iván Vázquez 0-0: Fly out, F5 (Popup, 25F)
Bottom of the 3rd over - 0 run(s), 0 hit(s), 0 error(s), 0 left on base; Bemidji 0 - Cincinnati 0
TOP OF THE 4TH
Bemidji Benders batting - Pitching for Cincinnati Pride : RHP Rusty van Rhee
Batting: LHB Todd Anderson 0-0: Foul Ball, location: 2F
0-1: Called Strike
0-2: Strikes out swinging
Batting: SHB Conan Hanson 0-0: Called Strike
0-1: Ball
1-1: Called Strike
1-2: Strikes out swinging
Batting: LHB Jesús Raugel 0-0: Ball
1-0: Foul Ball, location: 2F
1-1: Ball
2-1: Foul Ball, location: 2F
2-2: Strikes out swinging
Top of the 4th over - 0 run(s), 0 hit(s), 0 error(s), 0 left on base; Bemidji 0 - Cincinnati 0
BOTTOM OF THE 4TH
Cincinnati Pride batting - Pitching for Bemidji Benders : LHP Justin Short
Batting: RHB Álex Hernández 0-0: Ball
1-0: Ball
2-0: Called Strike
2-1: Called Strike
2-2: Fly out, F8 (Flyball, 8RM)
Batting: LHB Gabriel Aragón 0-0: Called Strike
0-1: Foul Ball, location: 2F
0-2: Ball
1-2: Strikes out swinging
Batting: RHB Bartolo Montero 0-0: Ball
1-0: Swinging Strike
1-1: Foul Ball, location: 2F
1-2: Foul Ball, location: 2F
1-2: Foul Ball, location: 2F
1-2: Ball
2-2: Ball
3-2: Strikes out swinging
Bottom of the 4th over - 0 run(s), 0 hit(s), 0 error(s), 0 left on base; Bemidji 0 - Cincinnati 0
TOP OF THE 5TH
Bemidji Benders batting - Pitching for Cincinnati Pride : RHP Rusty van Rhee
Batting: RHB Bob Carr 0-0: Called Strike
0-1: Bunt for hit - play at first, batter OUT! 1-3
Batting: RHB Aaron Washington 0-0: Ground out 5-3 (Groundball, 5)
Batting: LHB Carlos De La Rosa 0-0: Hit by Pitch
Batting: RHB Roberto Solís 0-0: Called Strike
0-1: Swinging Strike
0-2: Ball
1-2: Strikes out swinging
Top of the 5th over - 0 run(s), 0 hit(s), 0 error(s), 1 left on base; Bemidji 0 - Cincinnati 0
BOTTOM OF THE 5TH
Cincinnati Pride batting - Pitching for Bemidji Benders : LHP Justin Short
Batting: RHB José Antonio Delgado 0-0: Called Strike
0-1: Ball
1-1: Ground out 5-3 (Groundball, 5L)
Batting: RHB Steve Meyers 0-0: Foul Ball, location: 2F
0-1: Called Strike
0-2: Strikes out swinging
Batting: RHB Wilson Flores 0-0: Foul Ball, location: 2F
0-1: Ball
1-1: Swinging Strike
1-2: Ball
2-2: Strikes out swinging
Bottom of the 5th over - 0 run(s), 0 hit(s), 0 error(s), 0 left on base; Bemidji 0 - Cincinnati 0
TOP OF THE 6TH
Bemidji Benders batting - Pitching for Cincinnati Pride : RHP Rusty van Rhee
Batting: LHB Bruce Foster 0-0: Ball
1-0: Ball
2-0: DOUBLE (Line Drive, 9LM)
Batting: SHB Dave Henley 0-0: Called Strike
0-1: Swinging Strike
0-2: Foul Ball, location: 2F
0-2: Foul Ball, location: 2F
0-2: Foul Ball, location: 2F
0-2: Foul Ball, location: 2F
0-2: Foul Ball, location: 2F
0-2: Strikes out swinging
Batting: LHB Todd Anderson 0-0: Intentional Walk
Batting: SHB Conan Hanson 0-0: Ball
1-0: Foul Ball, location: 2F
1-1: Foul Ball, location: 2F
1-2: Foul Ball, location: 2F
1-2: SINGLE (Groundball, 34)
Bruce Foster to third
Todd Anderson to second
Runner from 3rd tries for Home, SAFE, throw made home
Todd Anderson to third
Conan Hanson to second
Batting: LHB Jesús Raugel 0-0: Swinging Strike
0-1: Swinging Strike
0-2: Ball
1-2: Ball
2-2: Foul Ball, location: 2F
2-2: Strikes out swinging
Pitching: RHP Juan González
Batting: RHB Bob Carr 0-0: Ball
1-0: Foul Ball, location: 2F
1-1: Swinging Strike
1-2: Strikes out swinging
Top of the 6th over - 1 run(s), 2 hit(s), 0 error(s), 2 left on base; Bemidji 1 - Cincinnati 0
BOTTOM OF THE 6TH
Cincinnati Pride batting - Pitching for Bemidji Benders : LHP Justin Short
Batting: LHB Ángel Tuzzi 0-0: Ball
1-0: SINGLE (Line Drive, 8LS)
Batting: LHB John Clark 0-0: Called Strike
0-1: Ball
1-1: Ball
2-1: Foul Ball, location: 2F
2-2: Grounds into double play, 4-6-3 (Groundball, 4)
Batting: LHB Iván Vázquez 0-0: Ball
1-0: Ball
2-0: Ball
3-0: Base on Balls
Pitching: RHP Paço Boda
Batting: RHB Álex Hernández 0-0: Swinging Strike
0-1: Called Strike
0-2: Foul Ball, location: 2F
0-2: Ball
1-2: Fly out, F7 (Flyball, 7S)
Bottom of the 6th over - 0 run(s), 1 hit(s), 0 error(s), 1 left on base; Bemidji 1 - Cincinnati 0
TOP OF THE 7TH
Bemidji Benders batting - Pitching for Cincinnati Pride : RHP Juan González
Batting: RHB Aaron Washington 0-0: Ball
1-0: Ball
2-0: Ground out 6-3 (Groundball, 6)
Batting: LHB Carlos De La Rosa 0-0: Called Strike
0-1: Swinging Strike
0-2: Strikes out swinging
Batting: RHB Roberto Solís 0-0: Called Strike
0-1: Ball
1-1: Ball
2-1: Ball
3-1: Swinging Strike
3-2: Strikes out looking
Top of the 7th over - 0 run(s), 0 hit(s), 0 error(s), 0 left on base; Bemidji 1 - Cincinnati 0
BOTTOM OF THE 7TH
Cincinnati Pride batting - Pitching for Bemidji Benders : RHP Paço Boda
Batting: LHB Gabriel Aragón 0-0: Called Strike
0-1: Ball
1-1: Ball
2-1: Swinging Strike
2-2: Strikes out looking
Batting: RHB Bartolo Montero 0-0: Ball
1-0: Ball
2-0: Foul Ball, location: 2F
2-1: Swinging Strike
2-2: Strikes out swinging
Batting: RHB José Antonio Delgado 0-0: Ball
1-0: Ball
2-0: Ground out 6-3 (Groundball, 6)
Bottom of the 7th over - 0 run(s), 0 hit(s), 0 error(s), 0 left on base; Bemidji 1 - Cincinnati 0
TOP OF THE 8TH
Bemidji Benders batting - Pitching for Cincinnati Pride : RHP Juan González
Batting: LHB Bruce Foster 0-0: Ball
1-0: Called Strike
1-1: Ball
2-1: Ball
Error on foul ball, E7
3-2: Strikes out swinging
Batting: SHB Dave Henley 0-0: Called Strike
0-1: Foul Ball, location: 2F
0-2: Strikes out looking
Batting: LHB Todd Anderson 0-0: Ball
1-0: Foul Ball, location: 2F
1-1: Foul Ball, location: 2F
1-2: Ball
2-2: Foul Ball, location: 2F
2-2: Fly out, F4 (Popup, 4S)
Top of the 8th over - 0 run(s), 0 hit(s), 1 error(s), 0 left on base; Bemidji 1 - Cincinnati 0
BOTTOM OF THE 8TH
Cincinnati Pride batting - Pitching for Bemidji Benders : RHP Paço Boda
Now in RF: Simăo Polido
Batting: RHB Steve Meyers 0-0: SINGLE (Line Drive, 56D)
Batting: RHB Wilson Flores 0-0: Bunted foul
0-1: Sac Bunt - play at first, batter OUT! 1-4
Steve Meyers to second
Pitching: LHP Pedro González
Batting: LHB Ángel Tuzzi 0-0: Ball
1-0: Called Strike
1-1: Ground out 5-3 (Groundball, 5S)
Steve Meyers to third
Batting: LHB John Clark 0-0: Ball
1-0: Ball
2-0: Ball
3-0: Base on Balls
Batting: LHB Iván Vázquez 0-0: Ball
1-0: Fly out, F9 (Line Drive, 9M)
Bottom of the 8th over - 0 run(s), 1 hit(s), 0 error(s), 2 left on base; Bemidji 1 - Cincinnati 0
TOP OF THE 9TH
Bemidji Benders batting - Pitching for Cincinnati Pride : RHP Juan González
Pitching: RHP Gonzalo Benetti
Batting: SHB Conan Hanson 0-0: Fly out, F7 (Flyball, 7S)
Batting: LHB Jesús Raugel 0-0: DOUBLE (Line Drive, 9LS)
Batting: RHB Bob Carr 0-0: Ball
1-0: Ground out 1-3 (Groundball, 25)
Pinch Hitting: LHB Frank Jackson 0-0: Called Strike
0-1: Ball
1-1: Ball
2-1: Foul Ball, location: 2F
2-2: Foul Ball, location: 2F
2-2: Strikes out looking
Top of the 9th over - 0 run(s), 1 hit(s), 0 error(s), 1 left on base; Bemidji 1 - Cincinnati 0
BOTTOM OF THE 9TH
Cincinnati Pride batting - Pitching for Bemidji Benders : LHP Pedro González
Pitching: LHP José Travez
Now at 3B: José Velásquez
Batting: RHB Álex Hernández 0-0: Ball
1-0: Fly out, F8 (Flyball, 8RS)
Batting: LHB Gabriel Aragón 0-0: Ball
1-0: Foul Ball, location: 2F
1-1: Ball
2-1: Ground out U3 (Groundball, 3L)
Batting: RHB Bartolo Montero 0-0: Swinging Strike
0-1: Called Strike
0-2: Ball
1-2: Strikes out looking
Bottom of the 9th over - 0 run(s), 0 hit(s), 0 error(s), 0 left on base; Bemidji 1 - Cincinnati 0
Monday, December 5th, 2016 - OOTP Baseball 17.12 Build 75